3L
HOUSTON 1837 BBC @ CHICAGO HAWKS
04/25/2031
 
TOP OF THE 1ST
Houston 1837 BBC batting - Pitching for Chicago Hawks : RHP Michael Machen
Pitching: RHP Michael Machen
Batting: RHB Jeremy Boyter 0-0: Called Strike
0-1: Swinging Strike
0-2: Foul Ball, location: 2F
0-2: SINGLE (Groundball, 4MD)
Batting: RHB Armond Merlin 0-0: Foul Ball, location: 2F
0-1: Called Strike
0-2: Fielders Choice at 2nd, 1-4 (Groundball, 15S)
Batting: LHB Guillermo Arellano 0-0: Swinging Strike
0-1: Ball
1-1: Ball
2-1: Foul Ball, location: 2F
2-2: Strikes out swinging
Batting: SHB Nobuhisa Hatoyama 0-0: Ball
1-0: Called Strike
1-1: Ground out 1-3 (Groundball, 13)
Top of the 1st over - 0 runs, 1 hit, 0 errors, 1 left on base; Houston 0 - Chicago 0
BOTTOM OF THE 1ST
Chicago Hawks batting - Pitching for Houston 1837 BBC : RHP Won-u Yi
Pitching: RHP Won-u Yi
Batting: SHB Luis Manuel Flores 0-0: Called Strike
0-1: Foul Ball, location: 2F
0-2: Ball
1-2: Ground out 5-3 (Groundball, 5L)
Batting: LHB Cole Thrash 0-0: SINGLE (Line Drive, 9S)
Batting: LHB Jeff Simpson 0-0: Foul Ball, location: 2F
0-1: Ball
1-1: Fly out, F6 (Popup, 6M)
Batting: LHB Scott Janousek 0-0: Ball
1-0: Called Strike
1-1: Ball
2-1: Foul Ball, location: 2F
2-2: Ball
3-2: Base on Balls
Cole Thrash to second
Batting: LHB Raúl Aguirre 0-0: Foul Ball, location: 2F
0-1: Ball
1-1: Ball
2-1: Swinging Strike
2-2: Foul Ball, location: 2F
2-2: Foul Ball, location: 2F
2-2: Ball
3-2: Foul Ball, location: 2F
3-2: Strikes out swinging
Bottom of the 1st over - 0 runs, 1 hit, 0 errors, 2 left on base; Houston 0 - Chicago 0
TOP OF THE 2ND
Houston 1837 BBC batting - Pitching for Chicago Hawks : RHP Michael Machen
Batting: RHB Scott Robertson 0-0: Foul Ball, location: 2F
0-1: Swinging Strike
0-2: Ball
1-2: Foul Ball, location: 2F
1-2: Strikes out swinging
Batting: RHB Lytle Creek 0-0: Ball
1-0: Called Strike
1-1: Fly out, F7 (Flyball, 78S)
Batting: RHB David Martínez 0-0: Ball
1-0: Ball
2-0: DOUBLE (Line Drive, 89XD)
Batting: RHB Norm Chodorow 0-0: Ball
Wild Pitch!
David Martínez to third
1-0: Ball
2-0: Ball
3-0: Foul Ball, location: 2F
3-1: DOUBLE (Line Drive, 7D)
David Martínez scores
Batting: RHB Jesús Recesvinto 0-0: Foul Ball, location: 2F
0-1: Swinging Strike
0-2: Ball
1-2: Ball
2-2: Strikes out looking
Top of the 2nd over - 1 run, 2 hits, 0 errors, 1 left on base; Houston 1 - Chicago 0
BOTTOM OF THE 2ND
Chicago Hawks batting - Pitching for Houston 1837 BBC : RHP Won-u Yi
Batting: RHB Paddy Hodnett 0-0: Ball
1-0: Ball
2-0: Ball
3-0: Base on Balls
Batting: LHB Errol Levick 0-0: Ball
1-0: Called Strike
1-1: Ball
2-1: Grounds into double play, 4-6-3 (Groundball, 4)
Batting: RHB Stephen McManus 0-0: Ball
1-0: Ball
2-0: Ball
3-0: Called Strike
3-1: Ground out 4-3 (Groundball, 4)
Bottom of the 2nd over - 0 runs, 0 hits, 0 errors, 0 left on base; Houston 1 - Chicago 0
TOP OF THE 3RD
Houston 1837 BBC batting - Pitching for Chicago Hawks : RHP Michael Machen
Batting: RHB Jeremy Boyter 0-0: Ball
1-0: Ball
2-0: Called Strike
2-1: Swinging Strike
2-2: Foul Ball, location: 2F
2-2: Strikes out looking
Batting: RHB Armond Merlin 0-0: Called Strike
0-1: Ball
1-1: Swinging Strike
1-2: Strikes out swinging
Batting: LHB Guillermo Arellano 0-0: Foul Ball, location: 2F
0-1: Foul Ball, location: 2F
0-2: Ball
1-2: Ball
2-2: Foul Ball, location: 2F
2-2: Ball
3-2: Fly out, F9 (Flyball, 9LS)
Top of the 3rd over - 0 runs, 0 hits, 0 errors, 0 left on base; Houston 1 - Chicago 0
BOTTOM OF THE 3RD
Chicago Hawks batting - Pitching for Houston 1837 BBC : RHP Won-u Yi
Batting: RHB James Hill 0-0: Called Strike
0-1: Swinging Strike
0-2: Ball
1-2: Ball
2-2: DOUBLE (Flyball, 78D)
Batting: SHB Luis Manuel Flores 0-0: Ball
1-0: Foul Ball, location: 2F
1-1: Ground out 1-3 (Groundball, 15)
Batting: LHB Cole Thrash 0-0: Ball
1-0: Swinging Strike
1-1: Foul Ball, location: 2F
1-2: Foul Ball, location: 2F
1-2: Foul Ball, location: 2F
1-2: Ball
Wild Pitch!
James Hill to third
2-2: Ball
3-2: Base on Balls
Batting: LHB Jeff Simpson 0-0: Ground out 4-3 (Groundball, 34D)
James Hill scores
Cole Thrash to second
Batting: LHB Scott Janousek 0-0: Ball
1-0: Called Strike
1-1: Hit by Pitch
Pitching: LHP Damien Scudder
Batting: LHB Raúl Aguirre 0-0: Foul Ball, location: 2F
0-1: Fly out, F6 (Line Drive, 6M)
Bottom of the 3rd over - 1 run, 1 hit, 0 errors, 2 left on base; Houston 1 - Chicago 1
TOP OF THE 4TH
Houston 1837 BBC batting - Pitching for Chicago Hawks : RHP Michael Machen
Batting: SHB Nobuhisa Hatoyama 0-0: Called Strike
0-1: Called Strike
0-2: Foul Ball, location: 2F
0-2: Fly out, F2 (Popup, 2L)
Batting: RHB Scott Robertson 0-0: Foul Ball, location: 2F
0-1: Foul Ball, location: 2F
0-2: Ball
1-2: Strikes out swinging
Batting: RHB Lytle Creek 0-0: Ball
1-0: Called Strike
1-1: Swinging Strike
1-2: Strikes out swinging
Top of the 4th over - 0 runs, 0 hits, 0 errors, 0 left on base; Houston 1 - Chicago 1
BOTTOM OF THE 4TH
Chicago Hawks batting - Pitching for Houston 1837 BBC : LHP Damien Scudder
Batting: RHB Paddy Hodnett 0-0: Foul Ball, location: 2F
0-1: Swinging Strike
0-2: Strikes out swinging
Batting: LHB Errol Levick 0-0: Fly out, F8 (Flyball, 8RXD)
Batting: RHB Stephen McManus 0-0: Ball
1-0: Ball
2-0: Ball
3-0: Base on Balls
Batting: RHB James Hill 0-0: Ball
1-0: Ball
Stephen McManus steals 2nd base
2-0: Ball
3-0: Called Strike
3-1: SINGLE (Groundball, 6D)
Stephen McManus to third
Runner from 3rd tries for Home, SAFE, throw made home
Pitching: RHP Omara Moctar
Batting: SHB Luis Manuel Flores 0-0: Swinging Strike
0-1: Swinging Strike
0-2: Ball
1-2: Strikes out swinging
Bottom of the 4th over - 1 run, 1 hit, 0 errors, 1 left on base; Houston 1 - Chicago 2
TOP OF THE 5TH
Houston 1837 BBC batting - Pitching for Chicago Hawks : RHP Michael Machen
Pitching: LHP Travis Grant
Batting: RHB David Martínez 0-0: Called Strike
0-1: Ball
1-1: Fly out, F7 (Line Drive, 7LM)
Batting: RHB Norm Chodorow 0-0: Called Strike
0-1: SINGLE (Flyball, 89S)
Batting: RHB Jesús Recesvinto 0-0: Ball
1-0: Called Strike
1-1: Foul Ball, location: 2F
1-2: Strikes out looking
Batting: RHB Jeremy Boyter 0-0: Foul Ball, location: 2F
0-1: Ball
1-1: Ball
Wild Pitch!
Norm Chodorow to second
2-1: SINGLE (Groundball, 4MD)
Norm Chodorow to third
Runner from 3rd tries for Home, SAFE, no throw
Batting: RHB Armond Merlin 0-0: Ball
1-0: Fly out, F8 (Flyball, 8LM)
Top of the 5th over - 1 run, 2 hits, 0 errors, 1 left on base; Houston 2 - Chicago 2
BOTTOM OF THE 5TH
Chicago Hawks batting - Pitching for Houston 1837 BBC : RHP Omara Moctar
Batting: LHB Cole Thrash 0-0: Ground out 4-3 (Groundball, 4)
Batting: LHB Jeff Simpson 0-0: Called Strike
0-1: Ball
1-1: Fly out, F9 (Flyball, 9LM)
Batting: LHB Scott Janousek 0-0: Ball
1-0: Ball
2-0: SINGLE (Line Drive, 56D)
Batting: LHB Raúl Aguirre 0-0: Ball
1-0: Ball
2-0: Ball
3-0: Base on Balls
Scott Janousek to second
Pitching: RHP Prince Nakamura
Batting: RHB Paddy Hodnett 0-0: Ball
1-0: Ball
2-0: Ball
3-0: Base on Balls
Scott Janousek to third
Raúl Aguirre to second
Batting: LHB Errol Levick 0-0: Called Strike
0-1: Called Strike
0-2: Ball
1-2: Hit by Pitch
Scott Janousek scores
Raúl Aguirre to third
Paddy Hodnett to second
Batting: RHB Stephen McManus 0-0: Ball
1-0: Ball
2-0: Ball
3-0: Called Strike
3-1: Base on Balls
Raúl Aguirre scores
Paddy Hodnett to third
Errol Levick to second
Batting: RHB James Hill 0-0: Called Strike
0-1: Foul Ball, location: 2F
0-2: Ball
1-2: Fly out, F4 (Popup, 4M)
Bottom of the 5th over - 2 runs, 1 hit, 0 errors, 3 left on base; Houston 2 - Chicago 4
TOP OF THE 6TH
Houston 1837 BBC batting - Pitching for Chicago Hawks : LHP Travis Grant
Batting: LHB Guillermo Arellano 0-0: Swinging Strike
0-1: Swinging Strike
0-2: Ball
1-2: Ball
2-2: Strikes out swinging
Batting: SHB Nobuhisa Hatoyama 0-0: Swinging Strike
0-1: Foul Ball, location: 2F
0-2: Ball
1-2: SINGLE (Line Drive, 7LS)
Batting: RHB Scott Robertson 0-0: Ball
1-0: Ball
2-0: Swinging Strike
2-1: Called Strike
2-2: Ball
3-2: Foul Ball, location: 2F
3-2: Fly out, F9 (Flyball, 9)
Batting: RHB Lytle Creek 0-0: Called Strike
0-1: Swinging Strike
0-2: Fielders Choice at 2nd, 6-4 (Groundball, 6)
Top of the 6th over - 0 runs, 1 hit, 0 errors, 1 left on base; Houston 2 - Chicago 4
BOTTOM OF THE 6TH
Chicago Hawks batting - Pitching for Houston 1837 BBC : RHP Prince Nakamura
Pitching: RHP Georg von Trapp
Batting: SHB Luis Manuel Flores 0-0: Called Strike
0-1: Foul Ball, location: 2F
0-2: Foul Ball, location: 2F
0-2: Ball
1-2: Foul Ball, location: 2F
1-2: Reached on error, E4 (Groundball, 4S)
Pinch Hitting: RHB Jorge Salgado 0-0: Ball
1-0: Ball
Luis Manuel Flores steals 3rd base
2-0: Called Strike
2-1: Swinging Strike
2-2: Foul Ball, location: 2F
2-2: Foul Ball, location: 2F
2-2: Ground out 4-3 (Groundball, 4M)
Pinch Hitting: RHB Reg Spiers 0-0: Ball
1-0: Ball
2-0: Foul Ball, location: 2F
2-1: Fly out, F9 (Line Drive, 89M)
Runner from 3rd tags up, SCORES, no throw
Pinch Hitting: LHB Atílio Mansilhas 0-0: Ball
1-0: SINGLE (Line Drive, 56D)
Pitching: RHP Ricardo Suárez
Batting: LHB Raúl Aguirre 0-0: Ball
1-0: Fly out, F8 (Flyball, 8RS)
Bottom of the 6th over - 1 run, 1 hit, 1 error, 1 left on base; Houston 2 - Chicago 5
TOP OF THE 7TH
Houston 1837 BBC batting - Pitching for Chicago Hawks : LHP Travis Grant
Now at 1B: Jorge Salgado
Now at SS: Reg Spiers
Now in RF: Atílio Mansilhas
Batting: RHB David Martínez 0-0: Ball
1-0: Foul Ball, location: 2F
1-1: DOUBLE (Flyball, 7LD)
Batting: RHB Norm Chodorow 0-0: Called Strike
0-1: Ball
1-1: Called Strike
1-2: Ball
2-2: Strikes out swinging
Batting: RHB Jesús Recesvinto 0-0: Ball
1-0: Ball
2-0: Swinging Strike
2-1: Foul Ball, location: 2F
2-2: Ball
Wild Pitch!
David Martínez to third
3-2: SINGLE (Groundball, 5D)
David Martínez scores
Pinch Hitting: RHB Bob Dickerson 0-0: Called Strike
0-1: Swinging Strike
0-2: Strikes out swinging
Pinch Hitting: RHB Juan Chávez 0-0: SINGLE (Groundball, 6D)
Jesús Recesvinto to second
Pinch Hitting: RHB Joey Trifone 0-0: Ball
1-0: Called Strike
1-1: Ball
2-1: Ball
3-1: Fly out, F8 (Flyball, 8LM)
Top of the 7th over - 1 run, 3 hits, 0 errors, 2 left on base; Houston 3 - Chicago 5
BOTTOM OF THE 7TH
Chicago Hawks batting - Pitching for Houston 1837 BBC : RHP Ricardo Suárez
Now at 1B: Juan Chávez
Now at 2B: Joey Trifone
Now at SS: Bob Dickerson
Batting: RHB Paddy Hodnett 0-0: Called Strike
0-1: Swinging Strike
0-2: Foul Ball, location: 2F
0-2: Ball
1-2: Strikes out looking
Batting: LHB Errol Levick 0-0: SINGLE (Flyball, 89S)
Batting: RHB Stephen McManus 0-0: Ball
1-0: Ball
2-0: Fielders Choice at 2nd, 4-6 (Groundball, 4M)
Batting: RHB James Hill 0-0: Called Strike
0-1: Ball
1-1: Called Strike
1-2: Ball
2-2: Strikes out looking
Bottom of the 7th over - 0 runs, 1 hit, 0 errors, 1 left on base; Houston 3 - Chicago 5
TOP OF THE 8TH
Houston 1837 BBC batting - Pitching for Chicago Hawks : LHP Travis Grant
Pitching: RHP Santiago Maes
Pinch Hitting: LHB Damian Delaney 0-0: Ball
1-0: Ball
2-0: Ball
3-0: Called Strike
3-1: Called Strike
3-2: Base on Balls
Pinch Hitting: LHB Fa-tang Wang 0-0: Swinging Strike
0-1: Ball
1-1: Ball
2-1: Ball
3-1: Base on Balls
Damian Delaney to second
Batting: SHB Eduardo Pampin 0-0: Called Strike
0-1: Swinging Strike
0-2: Ball
1-2: Foul Ball, location: 2F
1-2: Foul Ball, location: 2F
1-2: Strikes out swinging
Batting: RHB David Martínez 0-0: Grounds into double play, 5-4-3 (Groundball, 56)
Top of the 8th over - 0 runs, 0 hits, 0 errors, 1 left on base; Houston 3 - Chicago 5
BOTTOM OF THE 8TH
Chicago Hawks batting - Pitching for Houston 1837 BBC : RHP Ricardo Suárez
Pitching: LHP Drew Cullen
Now in LF: Fa-tang Wang
Now in CF: Damian Delaney
Batting: SHB Luis Manuel Flores 0-0: Ball
1-0: Ball
2-0: Foul Ball, location: 2F
2-1: SINGLE (Groundball, 6MS) (infield hit)
Batting: RHB Jorge Salgado 0-0: Bunted foul
0-1: Ball
1-1: Sac Bunt - play at first, batter OUT! 5-4
Luis Manuel Flores to second
Batting: RHB Reg Spiers 0-0: Ball
1-0: Swinging Strike
1-1: Ball
2-1: Ball
3-1: Fly out, F7 (Flyball, 7)
Batting: LHB Atílio Mansilhas 0-0: Ball
1-0: Foul Ball, location: 2F
1-1: Ball
2-1: Called Strike
2-2: Foul Ball, location: 2F
2-2: Ball
3-2: SINGLE (Line Drive, 7S)
Luis Manuel Flores to third
Luis Manuel Flores scores
Pitching: RHP Gary Bailey
Batting: LHB Raúl Aguirre 0-0: Fly out, F3 (Popup, 34S)
Bottom of the 8th over - 1 run, 2 hits, 0 errors, 1 left on base; Houston 3 - Chicago 6
TOP OF THE 9TH
Houston 1837 BBC batting - Pitching for Chicago Hawks : RHP Santiago Maes
Pinch Hitting: LHB Randy Sallah 0-0: Called Strike
0-1: Ball
1-1: Foul Ball, location: 2F
1-2: Foul Ball, location: 2F
1-2: Ball
2-2: Foul Ball, location: 2F
2-2: SINGLE (Groundball, 34D)
Pinch Hitting: SHB Yun-qi Chien 0-0: Called Strike
0-1: Grounds out, U3 (Groundball, 3L)
Batting: RHB Bob Dickerson 0-0: Called Strike
0-1: SINGLE (Flyball, 78S)
Randy Sallah to third
Batting: RHB Juan Chávez 0-0: Grounds into double play, 6-4-3 (Groundball, 56)
Top of the 9th over - 0 runs, 2 hits, 0 errors, 1 left on base; Houston 3 - Chicago 6
Tuesday, June 12th, 2018 - OOTP Baseball 18.8 Build 76